 Dungeon Crawl Stone Soup version 0.29.0-4-gdea44cf6ec (webtiles) character file.

Game seed: 2178107431163214839

5620 qw the Cleaver (level 10, -1/60 HPs)
             Began as a Tengu Warper on Aug 28, 2022.
             Was a Priest of Okawaru.
             Slain by Amaemon
             ... wielding a +0 demon whip of venom
              (6 damage)
             ... on level 8 of the Dungeon.
             The game lasted 00:01:06 (10204 turns).

qw the Cleaver (Tengu Warper)                      Turns: 10204, Time: 00:01:06

Health: -1/60      AC: 21    Str: 15    XL:     10   Next: 73%
Magic:  13/14      EV:  8    Int: 21    God:    Okawaru [***...]
Gold:   538        SH:  6    Dex: 14    Spells: 13/13 levels left

rFire   . . .      SeeInvis .   n - +7 war axe "Lotudd" {flame, rC+ rCorr Int+3}
rCold   + . .      Faith    .   f - +0 buckler
rNeg    . . .      Spirit   .   e - +2 plate armour
rPois   +          Reflect  .   (helmet restricted)
rElec   .          Harm     .   (no cloak)
rCorr   +          Rampage  .   (no gloves)
Will    .....                   (boots unavailable)
Stlth   ..........              (no amulet)
HPRegen 0.20/turn               g - ring "Veogule" {AC+4 Int+4}
MPRegen 0.14/turn               b - ring of poison resistance

@: lethally poisoned (-1 -> -7), about to teleport, heroic, flying quickly and
evasively, quick
A: beak, talons 3, nimble flight, antennae 1
a: Renounce Religion, Heroism


You were on level 8 of the Dungeon.
You worshipped Okawaru.
Okawaru was most pleased with you.
You visited 1 branch of the dungeon, and saw 8 of its levels.

You collected 538 gold pieces.


Innate Abilities, Weirdness & Mutations

You have a beak for a mouth.
You have claws for feet.
Your magical nature lets you fly swiftly and evasively.
You have a pair of small antennae on your head.


   Skills:
 - Level 6.0(11.0) Fighting
 - Level 13.0(18.0) Axes
 - Level 1.0(6.0) Throwing
 - Level 6.0(11.0) Armour
 - Level 3.0(8.0) Dodging
 + Level 3.9(8.9) Shields
 - Level 2.0 Spellcasting
 - Level 2.4 Translocations
 - Level 4.1 Invocations


You had 13 spell levels left.
You didn't know any spells.
Your spell library contained the following spells:

 Spells                   Type           Power      Damage    Failure   Level
 Blink                    Tloc           24%        N/A       98%         2
 Gell's Gravitas          Tloc           12%        N/A       100%        3
 Lesser Beckoning         Tloc           12%        N/A       100%        3
 Teleport Other           Tloc           12%        N/A       100%        3
 Manifold Assault         Tloc           12%        N/A       100%        5

Inventory:

Hand Weapons
 n - the +7 war axe "Lotudd" (weapon) {flame, rC+ rCorr Int+3}
   (You found it on level 5 of the Dungeon)

   It burns those it strikes, dealing additional fire damage.
   Big, fiery blades are also staple armaments of hydra-hunters.
   Int:       It affects your intelligence (+3).
   rC:        It protects you from cold.
   rCorr:     It protects you from acid and corrosion.
Missiles
 l - 3 boomerangs (quivered)
Armour
 e - a +2 plate armour (worn)
 f - a +0 buckler (worn)
Jewellery
 b - a ring of poison resistance (right hand)
 d - the ring of Ufon Umm {Fly rC++ rCorr}
   (You found it on level 4 of the Dungeon)

   [ring of flight]

   rC:        It greatly protects you from cold.
   Fly:       It grants you flight.
   rCorr:     It protects you from acid and corrosion.
 g - the ring "Veogule" (left hand) {AC+4 Int+4}
   (You found it on level 2 of the Dungeon)

   [ring of protection]

   AC:        It affects your AC (+4).
   Int:       It affects your intelligence (+4).
 o - a +4 ring of protection
Scrolls
 a - 3 scrolls of identify
Potions
 h - 4 potions of curing
 i - 2 potions of mutation
 j - a potion of cancellation {unknown}

Dungeon Overview and Level Annotations

Branches:
Dungeon (8/15)             Temple (0/1) D:6
   Lair: D:8-11

Altars:
Cheibriados
Elyvilon
Gozag
Okawaru
Qazlal
Yredelemnul
The Shining One

Annotations:
D:8 Amaemon, Joseph


Message History

Amaemon hits you with a +0 demon whip of venom.
Amaemon closely misses you.
Amaemon tail-slaps you but does no damage.
You miss Amaemon. Your kick misses Amaemon.
Amaemon is moderately wounded.
Amaemon closely misses you. Amaemon claws you!
Amaemon tail-slaps you but does no damage.
You closely miss Amaemon. Your kick misses Amaemon.
Amaemon is moderately wounded.
You block Amaemon's attack. Amaemon claws you! Amaemon tail-slaps you.
You barely miss Amaemon. You peck Amaemon.
Amaemon is moderately wounded.
Amaemon hits you but does no damage. Amaemon closely misses you.
Amaemon tail-slaps you but does no damage.
You slash Amaemon! You burn Amaemon. You claw Amaemon, but do no damage.
Amaemon is heavily wounded.
Amaemon barely misses you. Amaemon claws you but does no damage.
Amaemon tail-slaps you but does no damage.
Amaemon hits you but does no damage. Amaemon claws you but does no damage.
Amaemon tail-slaps you.
You barely miss Amaemon. Your peck misses Amaemon.
Amaemon is heavily wounded.
Amaemon hits you with a +0 demon whip of venom.
Amaemon claws you but does no damage.
Amaemon tail-slaps you but does no damage.
10202 ||| READING scroll of teleportation.
As you read the scroll of teleportation, it crumbles to dust.
You feel strangely unstable. Amaemon hits you but does no damage.
You are poisoned.
You block Amaemon's attack. Amaemon tail-slaps you.
You slash Amaemon! You burn Amaemon. You claw Amaemon.
Amaemon is severely wounded.
You feel sick. Amaemon barely misses you. Amaemon claws you but does no damage.
Amaemon tail-slaps you.
You closely miss Amaemon. Your kick misses Amaemon.
Amaemon is severely wounded.
You feel sick.
Amaemon hits you with a +0 demon whip of venom.
You die...

###....#.## #...# #
.....##).~## #.#.# #
......~~~~.##
##.#.######
.......~....#
##..........
....~.~~~~~.#
#.#.#.##...#
.....~.~..~.##
#.#......#..
....~~~~.^~.~####
#.#.#.##...#
.....~~...~~~...####
##........##
.....~..~~~~.##.@6@#
##.#####..#
.#...~...~~~~##.##s#
#.# #.#.
<##..~.\..~.~##.#
{.. ..# #.## )#
..~....~.....#
##########.## .#
.~....~~.####
#........# .#
.~.~~.~~.#
#.######.# .#
~..~~~~~# #..# .#
..5~ #####.## .#
#.#.....#


You could see Amaemon (fast), Joseph (strong) and a scorpion (summoned, curare).

Vanquished Creatures
  Maggie (D:6)
  A polar bear (D:8)
  Prince Ribbit (D:6)
  Grinder (D:6)
  Sigmund (D:3)
  Eustachio (D:5)
  A steam dragon (D:7)
  Menkaure (D:7)
  Edmund (D:6)
  A water moccasin (D:4)
  A sky beast (D:7)
  An orc warrior (D:7)
  3 ice beasts (D:8)
  2 black bears
  4 ogres
  A wolf (D:8)
  2 kobold brigands (D:6)
  2 bullfrogs
  A gnoll sergeant (D:7)
  2 necrophages
  A scorpion (D:5)
  Blork the orc (D:6)
  13 wights
  7 killer bees
  4 electric eels (D:8)
  7 hounds
  2 orc priests
  3 gnoll boudas
  2 jellies
  An iron imp (D:5)
  Ijyb (D:4)
  9 iguanas
  4 orc wizards
  A centaur simulacrum (D:8)
  6 adders
  16 gnolls
  3 shadow imps
  A howler monkey simulacrum (D:8)
  3 white imps
  An ufetubus (D:8)
  2 worms (D:2)
  4 dart slugs
  29 orcs
  8 endoplasms
  2 giant cockroaches
  4 goblins
  6 hobgoblins
  7 jackals
  2 quokkas (D:1)
  10 ball pythons
  2 bats (D:1)
  3 frilled lizards
  17 kobolds
  13 rats
224 creatures vanquished.

Vanquished Creatures (others)
  8 plants (D:8)
8 creatures vanquished.

Grand Total: 232 creatures vanquished

Notes
Turn   | Place    | Note
-------+----------+-------------------------------------------
     0 | D:1      | qw the Tengu Warper began the quest for the Orb.
     0 | D:1      | Reached XP level 1. HP: 12/12 MP: 4/4
     0 | D:1      | 0 ||| qw: Version: 0.1-a-89-g26bdef1
     0 | D:1      | 0 ||| qw: Game counter: 2525
     0 | D:1      | 0 ||| qw: Always use a shield: true
     0 | D:1      | 0 ||| qw: God list: Okawaru
     0 | D:1      | 0 ||| qw: Allow faded altars: false
     0 | D:1      | 0 ||| qw: Do Orc after D:15 true
     0 | D:1      | 0 ||| qw: Do second Lair branch before Depths: true
     0 | D:1      | 0 ||| qw: Lair rune preference: random
     0 | D:1      | 0 ||| qw: Plans: Normal
     0 | D:1      | 0 ||| PLANNING D:1-11
    25 | D:1      | 25 ||| Stepping ~*~*~tactically~*~*~ (stealth).
    53 | D:1      | 53 ||| Stepping ~*~*~tactically~*~*~ (stealth).
    75 | D:1      | Reached XP level 2. HP: 12/17 MP: 6/6
   259 | D:1      | Found a faded altar of an unknown god.
   263 | D:1      | Reached skill level 3 in Axes
   635 | D:1      | 635 ||| Stepping ~*~*~tactically~*~*~ (hiding).
   978 | D:1      | 978 ||| UPGRADING to +0 scale mail.
   988 | D:1      | 988 ||| DROPPING +0 leather armour.
   989 | D:1      | 989 ||| READING scroll labelled GUFUCU VYGREUM.
   990 | D:1      | 990 ||| READING scroll labelled MAT YGRIATOER.
   991 | D:1      | 991 ||| DROPPING scroll of blinking.
  1078 | D:2      | Reached XP level 3. HP: 21/21 MP: 7/7
  1083 | D:2      | Reached skill level 4 in Axes
  1379 | D:2      | Noticed a black bear
  1380 | D:2      | 1380 ||| Stepping ~*~*~tactically~*~*~ (stealth).
  1385 | D:2      | Killed a black bear
  1386 | D:2      | Reached skill level 5 in Axes
  1386 | D:2      | Reached XP level 4. HP: 20/26 MP: 8/8
  1386 | D:2      | Gained mutation: Your magical nature lets you fly swiftly
                  | and evasively. [Tengu growth]
  1386 | D:2      | Reached XP level 5. HP: 23/30 MP: 9/9
  1582 | D:2      | 1582 ||| Stepping ~*~*~tactically~*~*~ (stealth).
  1583 | D:2      | 1583 ||| DROPPING +0 mace.
  1889 | D:2      | Identified the ring "Veogule" {AC+4 Int+4}
  1921 | D:2      | 1921 ||| Stepping ~*~*~tactically~*~*~ (stealth).
  1923 | D:2      | Reached skill level 6 in Axes
  2324 | D:2      | 2324 ||| UPGRADING to +0 chain mail.
  2334 | D:2      | 2334 ||| DROPPING +0 scale mail.
  2335 | D:2      | 2335 ||| UPGRADING to ring "Veogule" {AC+4 Int+4}.
  2336 | D:2      | 2336 ||| READING scroll labelled BIKHLA NUYKHAO.
  2337 | D:2      | 2337 ||| READING scroll labelled LUOTE RILATWAZXU.
  2338 | D:2      | 2338 ||| DRINKING 3 coppery potions.
  2339 | D:2      | 2339 ||| READING 3 scrolls of identify.
  2339 | D:2      | 2339 ||| IDENTIFYING viscous sapphire potion
  2340 | D:2      | 2340 ||| READING 2 scrolls of identify.
  2340 | D:2      | 2340 ||| IDENTIFYING yellow potion
  2341 | D:2      | 2341 ||| DROPPING potion of attraction.
  2342 | D:2      | 2342 ||| DROPPING 2 potions of flight.
  2343 | D:2      | 2343 ||| Stepping randomly (stuck).
  2344 | D:2      | 2344 ||| Stepping ~*~*~tactically~*~*~ (cloud).
  2353 | D:2      | HP: 7/30 [poisoned by you (poison gas)]
  2706 | D:3      | 2706 ||| Stepping ~*~*~tactically~*~*~ (stealth).
  2879 | D:3      | Found a white marble altar of Elyvilon.
  2883 | D:3      | 2883 ||| Stepping ~*~*~tactically~*~*~ (stealth).
  2885 | D:3      | 2885 ||| Stepping ~*~*~tactically~*~*~ (stealth).
  2887 | D:3      | 2887 ||| Stepping ~*~*~tactically~*~*~ (stealth).
  2902 | D:3      | 2902 ||| Stepping ~*~*~tactically~*~*~ (stealth).
  2909 | D:3      | 2909 ||| Stepping ~*~*~tactically~*~*~ (stealth).
  2911 | D:3      | 2911 ||| Stepping ~*~*~tactically~*~*~ (stealth).
  2912 | D:3      | 2912 ||| Stepping ~*~*~tactically~*~*~ (stealth).
  2912 | D:3      | Identified the +10 glaive "Enonku" {pain, Int+3}
  2913 | D:3      | 2913 ||| Stepping ~*~*~tactically~*~*~ (stealth).
  2914 | D:3      | 2914 ||| Stepping ~*~*~tactically~*~*~ (stealth).
  2915 | D:3      | 2915 ||| Stepping ~*~*~tactically~*~*~ (stealth).
  3027 | D:3      | Found an iron altar of Okawaru.
  3027 | D:3      | Noticed Sigmund
  3028 | D:3      | 3028 ||| Stepping ~*~*~tactically~*~*~ (hiding).
  3040 | D:3      | Killed Sigmund
  3041 | D:3      | Reached skill level 7 in Axes
  3041 | D:3      | Reached XP level 6. HP: 24/35 MP: 10/10
  3141 | D:3      | Became a worshipper of Warmaster Okawaru
  3361 | D:3      | 3361 ||| UPGRADING to +4 ring of protection.
  3362 | D:3      | 3362 ||| READING scroll labelled XIEC OT KAI.
  3363 | D:3      | 3363 ||| READING 2 scrolls labelled NASKUSTEOMO.
  3366 | D:3      | 3366 ||| READING 3 scrolls labelled URU FIOSSUOSIKE.
  3367 | D:3      | 3367 ||| READING scroll labelled YLUSKUL DUNEURI.
  3368 | D:3      | 3368 ||| READING 2 scrolls of identify.
  3368 | D:3      | 3368 ||| IDENTIFYING sedimented orange potion
  3369 | D:3      | 3369 ||| DROPPING potion of degeneration.
  3390 | D:4      | Identified the ring of Ufon Umm {Fly rC++ rCorr}
  3420 | D:4      | Found a stormy altar of Qazlal.
  3423 | D:4      | Found a glowing golden altar of the Shining One.
  3449 | D:4      | 3449 ||| Stepping ~*~*~tactically~*~*~ (stealth).
  3451 | D:4      | 3451 ||| Stepping ~*~*~tactically~*~*~ (hiding).
  3473 | D:4      | Reached XP level 7. HP: 26/40 MP: 11/11
  3626 | D:4      | Reached skill level 3 in Fighting
  3944 | D:4      | 3944 ||| Stepping ~*~*~tactically~*~*~ (stealth).
  4063 | D:4      | 4063 ||| Stepping ~*~*~tactically~*~*~ (hiding).
  4064 | D:4      | 4064 ||| Stepping ~*~*~tactically~*~*~ (hiding).
  4095 | D:4      | Reached skill level 8 in Axes
  4424 | D:4      | Noticed Ijyb
  4431 | D:4      | Killed Ijyb
  4516 | D:4      | 4516 ||| Stepping ~*~*~tactically~*~*~ (stealth).
  4517 | D:4      | 4517 ||| Stepping ~*~*~tactically~*~*~ (stealth).
  4523 | D:4      | 4523 ||| Stepping ~*~*~tactically~*~*~ (hiding).
  4764 | D:4      | 4764 ||| READING scroll of enchant weapon.
  4764 | D:4      | 4764 ||| ENCHANTING +1 hand axe.
  4896 | D:4      | 4896 ||| UPGRADING to ring of Ufon Umm {Fly rC++ rCorr}.
  4898 | D:4      | 4898 ||| DROPPING ring of willpower.
  4899 | D:4      | 4899 ||| READING scroll labelled WIATAF LEOGANN.
  5039 | D:4      | 5039 ||| READING scroll labelled HILOBE KANK.
  5039 | D:4      | Identified a scroll of acquirement
  5039 | D:4      | 5039 ||| ACQUIRING ring of poison resistance
  5039 | D:4      | Acquired a ring of poison resistance
  5041 | D:4      | 5041 ||| UPGRADING to ring of poison resistance.
  5043 | D:4      | 5043 ||| READING scroll labelled ESUTIROQU.
  5044 | D:4      | 5044 ||| DRINKING 2 fizzy coppery potions.
  5044 | D:4      | Gained mutation: You have a pair of small antennae on your
                  | head. [potion of mutation]
  5045 | D:4      | 5045 ||| DRINKING 2 white potions.
  5046 | D:4      | 5046 ||| READING 2 scrolls of identify.
  5046 | D:4      | 5046 ||| IDENTIFYING sapphire potion
  5047 | D:4      | 5047 ||| DROPPING potion of berserk rage.
  5048 | D:4      | 5048 ||| DROPPING potion of brilliance.
  5076 | D:5      | Entered Level 5 of the Dungeon
  5161 | D:5      | 5161 ||| Stepping ~*~*~tactically~*~*~ (hiding).
  5295 | D:5      | Found a snail-covered altar of Cheibriados.
  5311 | D:5      | Reached skill level 9 in Axes
  5396 | D:5      | Reached * piety under Okawaru
  5406 | D:5      | 5406 ||| Stepping ~*~*~tactically~*~*~ (stealth).
  5407 | D:5      | 5407 ||| Stepping ~*~*~tactically~*~*~ (stealth).
  5408 | D:5      | 5408 ||| Stepping ~*~*~tactically~*~*~ (stealth).
  5411 | D:5      | 5411 ||| Stepping ~*~*~tactically~*~*~ (stealth).
  5412 | D:5      | 5412 ||| Stepping ~*~*~tactically~*~*~ (stealth).
  5414 | D:5      | 5414 ||| INVOKING Heroism.
  5423 | D:5      | Reached skill level 3 in Armour
  5423 | D:5      | Reached XP level 8. HP: 38/46 MP: 9/12
  5430 | D:5      | 5430 ||| INVOKING Heroism.
  5638 | D:5      | 5638 ||| INVOKING Heroism.
  5639 | D:5      | 5639 ||| INVOKING Heroism.
  5809 | D:5      | Reached skill level 1 in Invocations
  5814 | D:5      | 5814 ||| INVOKING Heroism.
  6291 | D:5      | Noticed Eustachio
  6292 | D:5      | 6292 ||| Stepping ~*~*~tactically~*~*~ (stealth).
  6293 | D:5      | 6293 ||| INVOKING Heroism.
  6306 | D:5      | Killed Eustachio
  6307 | D:5      | Reached skill level 3 in Invocations
  6418 | D:5      | Identified the +7 war axe "Lotudd" {flame, rC+ rCorr Int+3}
  6420 | D:5      | 6420 ||| SWAPPING to +7 war axe "Lotudd" {flame, rC+ rCorr
                  | Int+3}.
  6421 | D:5      | 6421 ||| DROPPING +0 flail.
  6422 | D:5      | 6422 ||| DROPPING +2 hand axe.
  6651 | D:5      | 6651 ||| DROPPING amulet of magic regeneration.
  6652 | D:5      | 6652 ||| UPGRADING to ring "Veogule" {AC+4 Int+4}.
  6654 | D:5      | 6654 ||| READING scroll labelled DIEMIE TYLEI.
  6655 | D:5      | 6655 ||| READING scroll labelled UXEM QOGUNY.
  6656 | D:5      | 6656 ||| DRINKING 2 bubbling golden potions.
  6687 | D:5      | 6687 ||| DROPPING potion of lignification.
  6717 | D:6      | Reached skill level 10 in Axes
  6735 | D:6      | Noticed Grinder
  6736 | D:6      | 6736 ||| INVOKING Heroism.
  6742 | D:6      | 6742 ||| Stepping ~*~*~tactically~*~*~ (hiding).
  6744 | D:6      | 6744 ||| Stepping ~*~*~tactically~*~*~ (hiding).
  6749 | D:6      | Paralysed by Grinder for 2 turns
  6756 | D:6      | Killed Grinder
  6756 | D:6      | Reached ** piety under Okawaru
  6757 | D:6      | Reached XP level 9. HP: 52/52 MP: 13/13
  6775 | D:6      | 6775 ||| Stepping ~*~*~tactically~*~*~ (stealth).
  6776 | D:6      | 6776 ||| Stepping ~*~*~tactically~*~*~ (hiding).
  6784 | D:6      | Reached skill level 3 in Dodging
  6785 | D:6      | 6785 ||| INVOKING Heroism.
  6791 | D:6      | HP: 12/51 [wight/+0 halberd (3)]
  6792 | D:6      | 6792 ||| READING scroll of teleportation.
  6797 | D:6      | Noticed Prince Ribbit
  6799 | D:6      | HP: 11/53 [Prince Ribbit (2)]
  6801 | D:6      | Killed Prince Ribbit
  6805 | D:6      | 6805 ||| Stepping ~*~*~tactically~*~*~ (stealth).
  6810 | D:6      | 6810 ||| Stepping ~*~*~tactically~*~*~ (stealth).
  6919 | D:6      | 6919 ||| INVOKING Heroism.
  7038 | D:6      | Found a staircase to the Ecumenical Temple.
  7111 | D:6      | 7111 ||| INVOKING Heroism.
  7128 | D:6      | Reached skill level 11 in Axes
  7178 | D:6      | 7178 ||| Stepping ~*~*~tactically~*~*~ (stealth).
  7186 | D:6      | 7186 ||| Stepping ~*~*~tactically~*~*~ (stealth).
  7187 | D:6      | 7187 ||| Stepping ~*~*~tactically~*~*~ (stealth).
  7260 | D:6      | 7260 ||| INVOKING Heroism.
  7569 | D:6      | Found a basalt altar of Yredelemnul.
  7572 | D:6      | Noticed Maggie
  7573 | D:6      | 7573 ||| Stepping ~*~*~tactically~*~*~ (hiding).
  7581 | D:6      | Killed Maggie
  7746 | D:6      | 7746 ||| INVOKING Heroism.
  7828 | D:6      | 7828 ||| INVOKING Heroism.
  7830 | D:6      | Noticed Edmund
  7843 | D:6      | Killed Edmund
  7843 | D:6      | Reached *** piety under Okawaru
  7847 | D:6      | Noticed Blork the orc
  7848 | D:6      | 7848 ||| Stepping ~*~*~tactically~*~*~ (stealth).
  7879 | D:6      | 7879 ||| INVOKING Heroism.
  7884 | D:6      | Killed Blork the orc
  7908 | D:6      | 7908 ||| READING scroll labelled OSUPRU CISICI.
  7909 | D:6      | 7909 ||| READING scroll labelled SALIOPI IDAECW.
  8007 | D:7      | 8007 ||| STAIRDANCE
  8075 | D:7      | 8075 ||| STAIRDANCE
  8079 | D:6      | Reached skill level 12 in Axes
  8079 | D:6      | Reached XP level 10. HP: 59/59 MP: 14/14
  8081 | D:7      | 8081 ||| STAIRDANCE
  8110 | D:7      | 8110 ||| STAIRDANCE
  8230 | D:7      | 8230 ||| INVOKING Heroism.
  8236 | D:7      | Reached skill level 6 in Fighting
  8379 | D:7      | Noticed Menkaure
  8380 | D:7      | 8380 ||| INVOKING Heroism.
  8384 | D:7      | Killed Menkaure
  8611 | D:7      | 8611 ||| INVOKING Heroism.
  8659 | D:7      | 8659 ||| Stepping ~*~*~tactically~*~*~ (hiding).
  8711 | D:7      | 8711 ||| INVOKING Heroism.
  8910 | D:7      | 8910 ||| Stepping ~*~*~tactically~*~*~ (hiding).
  9060 | D:7      | 9060 ||| UPGRADING to +0 plate armour.
  9070 | D:7      | 9070 ||| UPGRADING to +0 buckler.
  9075 | D:7      | 9075 ||| DROPPING +0 chain mail.
  9076 | D:7      | 9076 ||| READING 2 scrolls of enchant armour.
  9076 | D:7      | 9076 ||| ENCHANTING +0 plate armour.
  9077 | D:7      | 9077 ||| READING scroll of enchant armour.
  9077 | D:7      | 9077 ||| ENCHANTING +1 plate armour.
  9103 | D:8      | 9103 ||| STAIRDANCE
  9112 | D:7      | Reached skill level 1 in Shields
  9198 | D:8      | 9198 ||| STAIRDANCE
  9204 | D:8      | 9204 ||| STAIRDANCE
  9248 | D:8      | 9248 ||| Stepping ~*~*~tactically~*~*~ (stealth).
  9254 | D:8      | 9254 ||| INVOKING Heroism.
  9266 | D:8      | Reached skill level 3 in Shields
  9310 | D:8      | 9310 ||| INVOKING Heroism.
  9429 | D:8      | 9429 ||| INVOKING Heroism.
  9436 | D:8      | Reached skill level 6 in Armour
  9525 | D:8      | 9525 ||| INVOKING Heroism.
  9542 | D:8      | Reached skill level 13 in Axes
  9693 | D:8      | Found an opulent altar of Gozag.
  9696 | D:8      | 9696 ||| Stepping ~*~*~tactically~*~*~ (stealth).
  9706 | D:8      | Reached **** piety under Okawaru
  9901 | D:8      | 9901 ||| INVOKING Heroism.
  9930 | D:8      | 9930 ||| INVOKING Heroism.
 10187 | D:8      | Noticed Amaemon
 10187 | D:8      | Noticed Joseph
 10188 | D:8      | 10188 ||| INVOKING Heroism.
 10201 | D:8      | HP: 13/60 [Amaemon/+0 demon whip of venom (5)]
 10202 | D:8      | 10202 ||| READING scroll of teleportation.
 10203 | D:8      | HP: 6/60 [Amaemon/+0 demon whip of venom (4)]
 10204 | D:8      | Slain by Amaemon

Levels and vault maps discovered:
D:1:      nzn_arrival_crosshair, layout_rooms, chequers_ecumenical_altar_island
D:2:      layout_loops_corners, minmay_vboxes
D:3:      layout_loops_cross, okawaru_gym_becter, elyvilon_altar_5, uniq_sigmund
D:4:      layout_loops_corners, mainiacjoe_overflow_six_doors_small,
          grunt_qazlal_clouds, uniq_ijyb
D:5:      kennysheep_six_static_rooms, layout_cave_pools, slow_altar_1,
          uniq_eustachio
D:6:      layout_basic, lemuel_round_altar, minmay_temple_entry_arrows,
          uniq_maggie, uniq_edmund, uniq_prince_ribbit1, uniq_grinder,
          uniq_blork_the_orc
D:7:      layout_loops_ring, uniq_menkaure
D:8:      layout_loops_ring, mainiacjoe_overflow_boulevard, serial_ice,
          serial_ice_f, serial_ice_e, serial_ice_a, serial_ice_h, serial_ice_j,
          serial_ice_g, serial_bayou_lagoon_b, uniq_amaemon, uniq_joseph

Skill      XL: |  1  2  3  4  5  6  7  8  9 10 |
---------------+-------------------------------+-----
Axes           | 3 5 7 9 10 12 13 | 13.0
Armour         | 2 3 5 6 |  6.0
Fighting       | 3 4 5 6 |  6.0
Invocations    | 4 |  4.1
Dodging        | 3 |  3.0
Shields        | 3 |  3.9
Throwing       | |  1.0
Spellcasting   | |  2.0
Translocations | |  2.4

Action                   |  1- 3 |  4- 6 |  7- 9 | 10-12 || total
-------------------------+-------+-------+-------+-------++-------
Melee: Hand axe          |    56 |   113 |   206 |       ||   375
       Kick              |    17 |    26 |    82 |    23 ||   148
       Peck              |     2 |    18 |    52 |    17 ||    89
       Punch             |       |       |     4 |     1 ||     5
       War axe           |       |       |    93 |   143 ||   236
Throw: Boomerang         |     7 |       |       |    12 ||    19
Invok: Heroism           |       |       |    13 |    11 ||    24
  Use: Scroll            |     2 |     9 |    10 |     3 ||    24
       Potion            |       |     1 |     3 |       ||     4
Armor: Leather armour    |     7 |       |       |       ||     7
       Scale mail        |     5 |    12 |       |       ||    17
       Chain mail        |       |    33 |   131 |    34 ||   198
       Plate armour      |       |       |       |    41 ||    41
Dodge: Dodged            |    21 |    33 |    78 |    57 ||   189
Block: Buckler           |       |       |       |    17 ||    17

Table legend:
 A = Non-vault XP
 B = Vault XP
 C = Vault XP percentage of total XP
 D = Non-vault monster count
 E = Vault monster count
 F = Vault count percentage of total count
                 A         B        C        D         E       F
            +---------+---------+-------+---------+---------+-------
      Total |    5053 |    2976 |  37.1 |     194 |      30 |  13.4
            +---------+---------+-------+---------+---------+-------
        D:1 |      33 |       0 |   0.0 |      21 |       0 |   0.0
        D:2 |     194 |      18 |   8.5 |      24 |       4 |  14.3
        D:3 |      61 |     214 |  77.8 |      15 |       1 |   6.2
        D:4 |     458 |      36 |   7.3 |      26 |       1 |   3.7
        D:5 |     670 |     458 |  40.6 |      21 |       8 |  27.6
        D:6 |    1490 |    1220 |  45.0 |      36 |       5 |  12.2
        D:7 |    1433 |     172 |  10.7 |      34 |       1 |   2.9
        D:8 |     714 |     858 |  54.6 |      17 |      10 |  37.0
            +---------+---------+-------+---------+---------+-------
